 Dungeon Crawl Stone Soup version 0.23-a0-488-g5fd82c5 (webtiles) character file.

115 KristoblXynda the Conjurer (level 4, 0/33 HPs)
             Began as a Draconian Conjurer on Dec 1, 2018.
             Killed from afar by an orc wizard (9 damage)
             ... with a puff of flame
             ... on level 3 of the Dungeon.
             The game lasted 00:06:20 (2360 turns).

KristoblXynda the Conjurer (Draconian Conjurer)     Turns: 2360, Time: 00:06:21

Health: 0/33       AC:  6    Str: 10    XL:     4   Next: 68%
Magic:  1/8        EV: 12    Int: 16    God:
Gold:   62         SH:  0    Dex: 12    Spells: 5/9 levels left

rFire    . . .     SeeInvis .     - Unarmed
rCold    . . .     Gourm    .   (no shield)
rNeg     . . .     Faith    .   (armour unavailable)
rPois    .         Spirit   .   (helmet restricted)
rElec    .         Reflect  .   (no cloak)
rCorr    .         Harm     .   c - +0 pair of gloves
MR       .....                  (no boots)
Stlth    ++........             (no amulet)
HPRegen  0.11/turn              (no ring)
MPRegen  0.11/turn              (no ring)

@: no status effects
A: unfitting armour, cold-blooded, AC +5
a: no special abilities


You were on level 3 of the Dungeon.
You were not hungry.

You visited 1 branch of the dungeon, and saw 3 of its levels.

You collected 62 gold pieces.

Inventory:

Hand Weapons
 p - a +0 hunting sling of flaming
Missiles
 l - 2 throwing nets (quivered)
 q - 28 stones
Armour
 c - a +0 pair of gloves (worn)
Wands
 m - a wand of enslavement (10)
Scrolls
 a - 2 scrolls of remove curse {unknown}
 f - a scroll of amnesia {unknown}
 i - 2 scrolls of identify {unknown}
 j - a scroll of random uselessness {unknown}
 k - a scroll of immolation {unknown}
Potions
 d - a potion of lignification {unknown}
 e - a potion of berserk rage {unknown}
 g - a potion of degeneration {unknown}
 h - a potion of magic {unknown}
 n - 2 potions of cancellation {unknown}
Comestibles
 b - 4 rations
 o - a chunk of flesh


   Skills:
 - Level 1.7 Dodging
 - Level 1.7 Stealth
 + Level 2.3 Unarmed Combat
 + Level 3.1 Spellcasting
 + Level 4.8 Conjurations


You had 5 spell levels left.
You knew the following spells:

 Your Spells              Type           Power        Failure   Level  Hunger
a - Magic Dart            Conj           ###.         2%          1    None
b - Dazzling Spray        Conj/Hex       ##....       21%         3    ###....

Your spell library contained the following spells:

 Spells                   Type           Power        Failure   Level  Hunger
 Searing Ray              Conj           ###...       3%          2    ##.....
 Iskenderun's Mystic Bla  Conj           ###.....     26%         4    ####...
 Force Lance              Conj/Tloc      ##......     56%         4    ####...
 Fulminant Prism          Conj/Hex       ##........   56%         4    ####...


Dungeon Overview and Level Annotations

Branches:
Dungeon (3/15)

Altars:


Innate Abilities, Weirdness & Mutations

Your plain brown scales are hard. (AC +5)
You cannot fit into any form of body armour.
You are cold-blooded and may be slowed by cold attacks.


Message History

You barely miss something.
Your tail-slap misses something.
You hear some strange, mumbled words.
Something tries to affect you, but you resist.
Casting: Magic Dart (safe; 2% risk of failure)
Confirm with . or Enter, or press ? or * to list all spells.
Aiming: Magic Dart (safe; 2% risk of failure)
Press: ? - help, Shift-Dir - straight line, f/p - orc
Aim: an orc, wielding a +0 dagger and wearing a +0 scale mail (almost dead)
The magic dart hits something.
Something hits you but does no damage.
You hit something but do no damage. Something hits you but does no damage.
You closely miss something. Something hits you but does no damage.
You hit something but do no damage. Something hits you but does no damage.
You hit something. Something hits you.
You barely miss something. Something hits you.
* * * LOW HITPOINT WARNING * * *
You hit something.
You hear some strange, mumbled words.
A puff of flame appears from out of thin air!
The puff of flame hits you!
You die...

#...# #.### #.# #.#
###########.########
#...................
#.#########.########
#.#########.######..
##########
#>.@{oro............
#........#
#########.#.##...#..
#........#
#r.o...#.........
#........#
#o########.......
#........# #)#
#.####..
#.......^#######.###
#.# #..
#..................#
#.# ###
#..................#
#.#
#....###...........#
#.#


You could see 2 orcs and a rat.

Vanquished Creatures
  An orc priest (D:3)
  3 adders
  A worm (D:2)
  A dart slug (D:2)
  A leopard gecko (D:1)
  An orc (D:3)
  5 bats
  A giant cockroach (D:1)
  7 goblins
  4 hobgoblins
  11 jackals
  A quokka (D:2)
  2 frilled lizards
  4 kobolds
  10 rats
53 creatures vanquished.

Notes
Turn   | Place    | Note
-------+----------+-------------------------------------------
     0 | D:1      | KristoblXynda the Draconian Conjurer began the quest for
                  | the Orb.
     0 | D:1      | Reached XP level 1. HP: 14/14 MP: 3/3
   138 | D:1      | Reached XP level 2. HP: 16/20 MP: 0/5
   272 | D:1      | Reached skill level 1 in Unarmed Combat
   945 | D:2      | Reached XP level 3. HP: 26/26 MP: 1/6
   950 | D:2      | Learned a level 3 spell: Dazzling Spray
  1640 | D:2      | Reached XP level 4. HP: 20/33 MP: 6/8
  2360 | D:3      | Killed from afar by an orc wizard

Vault maps used:
D:1:      scummos_arrival_star
D:3:      lemuel_doored_altar, lemuel_zombie_altar_yredelemnul, first_ration

Skill      XL: |  1  2  3  4 |
---------------+-------------+-----
Unarmed Combat | 1 2 |  2.3
Spellcasting   | 3 |  3.1
Dodging        | |  1.7
Stealth        | |  1.7
Conjurations   | |  4.8

Action                   |  1- 3 |  4- 6 || total
-------------------------+-------+-------++-------
Melee: Unarmed           |   185 |    44 ||   229
       Tailslap          |    16 |     5 ||    21
 Cast: Magic Dart        |    53 |    28 ||    81
 Stab: Sleeping          |     2 |       ||     2
  Eat: Chunk             |     3 |     2 ||     5
Armor: Skin              |    57 |    14 ||    71
Dodge: Dodged            |   148 |    31 ||   179

Table legend:
 A = Non-vault XP
 B = Vault XP
 C = Vault XP percentage of total XP
 D = Non-vault monster count
 E = Vault monster count
 F = Vault count percentage of total count
                 A         B        C        D         E       F
            +---------+---------+-------+---------+---------+-------
      Total |     165 |       0 |   0.0 |      53 |       0 |   0.0
            +---------+---------+-------+---------+---------+-------
        D:1 |      37 |       0 |   0.0 |      23 |       0 |   0.0
        D:2 |      62 |       0 |   0.0 |      21 |       0 |   0.0
        D:3 |      66 |       0 |   0.0 |       9 |       0 |   0.0
            +---------+---------+-------+---------+---------+-------
